[ PARTIDA AOE2 · #466199010 ]
UnrankedMongoles vs Celts
[ ANÁLISIS DE REPETICIÓN · EXTRAÍDO DE LA PARTIDA GRABADA ]
Feudal
8:50
Castillos
19:34
Imperial
39:25
| APM promedio | 35.2 |
| APM pico | 58 |
| eAPM promedio | 19.6 |
| Aldeanos / militares | 110 / 92 |
Foco
⚔️ 30.1% · 🌾 69.9%
Knight ×81 · Scout Cavalry ×11
Feudal
9:26
Castillos
22:53
Imperial
36:13
| APM promedio | 44.3 |
| APM pico | 78 |
| eAPM promedio | 20.2 |
| Aldeanos / militares | 123 / 79 |
Foco
⚔️ 43.7% · 🌾 56.3%
Archer ×77 · Monk ×2
Feudal
9:25
Castillos
25:02
Imperial
36:29
| APM promedio | 61.3 |
| APM pico | 99 |
| eAPM promedio | 25.3 |
| Aldeanos / militares | 107 / 98 |
Foco
⚔️ 31.0% · 🌾 69.0%
Archer ×98
Feudal
9:16
Castillos
25:57
Imperial
—
| APM promedio | 36.1 |
| APM pico | 69 |
| eAPM promedio | 21.0 |
| Aldeanos / militares | 99 / 5 |
Foco
⚔️ 55.9% · 🌾 44.1%
Unknown (2550) ×210 · Spearman ×5
Feudal
—
Castillos
—
Imperial
—
| APM promedio | 961.7 |
| APM pico | 9076 |
| eAPM promedio | 961.0 |
| Aldeanos / militares | 0 / 19 |
Foco
⚔️ 95.9% · 🌾 4.1%
Skirmisher ×15 · Militia ×2 · Archer ×1 · Spearman ×1
Feudal
—
Castillos
—
Imperial
—
| APM promedio | 854.0 |
| APM pico | 5713 |
| eAPM promedio | 853.5 |
| Aldeanos / militares | 0 / 30 |
Foco
⚔️ 97.6% · 🌾 2.4%
Archer ×13 · Spearman ×12 · Skirmisher ×5
Feudal
—
Castillos
—
Imperial
—
| APM promedio | 918.0 |
| APM pico | 6335 |
| eAPM promedio | 917.2 |
| Aldeanos / militares | 0 / 50 |
Foco
⚔️ 80.7% · 🌾 19.3%
Scout Cavalry ×22 · Genoese Crossbowman ×14 · Skirmisher ×5 · Mangonel ×4 · Knight ×3 · Monk ×2
Feudal
—
Castillos
—
Imperial
—
| APM promedio | 1666.6 |
| APM pico | 13515 |
| eAPM promedio | 1666.0 |
| Aldeanos / militares | 0 / 53 |
Foco
⚔️ 79.0% · 🌾 21.0%
Battle Elephant ×27 · Knight ×8 · Scorpion ×7 · Spearman ×5 · Battering Ram ×3 · Monk ×2
Mapa de la partida
Recursos iniciales + cada clic de construcción. Líneas = muros · curvas = relieve. ◆ oro · ⬟ piedra · ● bayas · ✦ reliquia · ◌ hueco del cierre
Tu base· Abierta — flanco sin cerrar
Base de xYourY· Abierta — flanco sin cerrar
Base de kumo· ✓ Cerrada en 25:02 · 15t muro · 1 puerta(s)
Base de wakuku· Abierta — flanco sin cerrar
Base de · Abierta — hueco de 4t
Base de · Abierta — flanco sin cerrar
Base de · Abierta — hueco de 4t
Base de · Abierta — flanco sin cerrar
Terreno inicial suavizado · ◌ = hueco del cierre detectado · pasá el cursor para detalles
Inputs por minuto
— Residual - - xYourY
Build order — Residual
Primeras 150 de 333 acciones detectadas
| 0:00 | Crear | Villager (Male) |
| 0:00 | Crear | Villager (Male) |
| 0:00 | Crear | Villager (Male) |
| 0:01 | Crear | Villager (Male) |
| 0:02 | Construir | House |
| 0:03 | Construir | House |
| 1:27 | Crear | Villager (Male) |
| 1:27 | Crear | Villager (Male) |
| 1:43 | Construir | Lumber Camp |
| 1:57 | Crear | Villager (Male) |
| 1:57 | Crear | Villager (Male) |
| 2:17 | Crear | Villager (Male) |
| 2:18 | Crear | Villager (Male) |
| 2:39 | Crear | Villager (Male) |
| 2:39 | Crear | Villager (Male) |
| 2:59 | Construir | House |
| 3:01 | Construir | House |
| 3:14 | Crear | Villager (Male) |
| 3:14 | Crear | Villager (Male) |
| 3:15 | Crear | Villager (Male) |
| 3:15 | Crear | Villager (Male) |
| 3:39 | Crear | Villager (Male) |
| 3:39 | Crear | Villager (Male) |
| 3:55 | Crear | Villager (Male) |
| 4:28 | Crear | Villager (Male) |
| 4:41 | Construir | Mill |
| 5:09 | Crear | Villager (Male) |
| 5:35 | Crear | Villager (Male) |
| 6:29 | Investigar | Feudal Age |
| 7:08 | Crear | Villager (Male) |
| 7:19 | Construir | Barracks |
| 8:50 | Edad | Edad Feudal |
| 8:54 | Construir | Stable |
| 9:05 | Construir | Mill |
| 9:07 | Crear | Villager (Male) |
| 9:29 | Construir | Farm |
| 9:31 | Investigar | Double-Bit Axe |
| 9:34 | Crear | Villager (Male) |
| 9:35 | Crear | Scout Cavalry |
| 9:36 | Crear | Scout Cavalry |
| 9:54 | Crear | Villager (Male) |
| 10:01 | Construir | Mill |
| 10:04 | Construir | Mill |
| 10:05 | Crear | Villager (Male) |
| 10:06 | Crear | Scout Cavalry |
| 10:10 | Construir | House |
| 10:17 | Construir | House |
| 10:24 | Crear | Villager (Male) |
| 10:25 | Crear | Scout Cavalry |
| 10:34 | Construir | Farm |
| 10:39 | Construir | Farm |
| 10:53 | Construir | House |
| 10:59 | Construir | Farm |
| 11:01 | Crear | Villager (Male) |
| 11:12 | Construir | House |
| 11:18 | Crear | Scout Cavalry |
| 11:21 | Construir | Farm |
| 11:35 | Crear | Villager (Male) |
| 11:39 | Construir | Farm |
| 11:41 | Crear | Scout Cavalry |
| 11:54 | Crear | Villager (Male) |
| 11:57 | Construir | Farm |
| 12:00 | Construir | Farm |
| 12:20 | Crear | Scout Cavalry |
| 12:22 | Crear | Villager (Male) |
| 12:26 | Construir | Farm |
| 12:36 | Construir | Farm |
| 12:43 | Crear | Scout Cavalry |
| 12:54 | Crear | Villager (Male) |
| 13:01 | Construir | Farm |
| 13:04 | Crear | Villager (Male) |
| 13:17 | Crear | Villager (Male) |
| 13:18 | Crear | Scout Cavalry |
| 13:34 | Construir | Farm |
| 13:44 | Crear | Scout Cavalry |
| 13:48 | Construir | Farm |
| 13:51 | Construir | Farm |
| 13:56 | Crear | Scout Cavalry |
| 14:15 | Crear | Villager (Male) |
| 14:24 | Crear | Villager (Male) |
| 14:29 | Construir | House |
| 14:30 | Construir | House |
| 14:51 | Construir | Mining Camp |
| 15:07 | Crear | Villager (Male) |
| 15:24 | Investigar | Wheelbarrow |
| 15:25 | Investigar | Wheelbarrow |
| 16:07 | Construir | Blacksmith |
| 16:54 | Investigar | Castle Age |
| 17:02 | Construir | Farm |
| 17:05 | Construir | Mining Camp |
| 18:04 | Investigar | Scale Barding Armor |
| 18:05 | Investigar | Scale Barding Armor |
| 18:06 | Investigar | Bloodlines |
| 18:06 | Investigar | Bloodlines |
| 18:19 | Construir | Stable |
| 18:26 | Investigar | Forging |
| 18:26 | Investigar | Forging |
| 19:11 | Crear | Villager (Male) |
| 19:14 | Investigar | Horse Collar |
| 19:34 | Edad | Edad de los Castillos |
| 19:37 | Investigar | Light Cavalry (upgrade) |
| 19:37 | Investigar | Light Cavalry (upgrade) |
| 19:37 | Investigar | Husbandry |
| 19:38 | Investigar | Husbandry |
| 19:39 | Crear | Knight |
| 19:42 | Investigar | Bow Saw |
| 19:51 | Construir | House |
| 19:57 | Crear | Knight |
| 20:12 | Crear | Villager (Male) |
| 20:28 | Construir | House |
| 20:31 | Construir | House |
| 21:09 | Crear | Knight |
| 21:09 | Crear | Knight |
| 21:17 | Crear | Villager (Male) |
| 21:31 | Crear | Villager (Male) |
| 21:43 | Crear | Villager (Male) |
| 21:45 | Crear | Knight |
| 21:45 | Crear | Knight |
| 22:05 | Crear | Villager (Male) |
| 22:06 | Crear | Knight |
| 22:18 | Construir | House |
| 22:18 | Construir | House |
| 22:24 | Investigar | Iron Casting |
| 22:25 | Investigar | Iron Casting |
| 22:27 | Crear | Knight |
| 23:15 | Crear | Knight |
| 23:15 | Crear | Knight |
| 23:19 | Crear | Villager (Male) |
| 23:25 | Construir | Town Center |
| 23:29 | Construir | Lumber Camp |
| 23:36 | Crear | Knight |
| 23:36 | Crear | Knight |
| 23:41 | Crear | Villager (Male) |
| 23:55 | Crear | Villager (Male) |
| 24:03 | Construir | House |
| 24:04 | Construir | House |
| 24:09 | Construir | Farm |
| 24:09 | Construir | Farm |
| 24:14 | Crear | Knight |
| 24:15 | Crear | Villager (Male) |
| 24:30 | Investigar | Gold Mining |
| 24:41 | Construir | Farm |
| 24:44 | Construir | Farm |
| 24:45 | Crear | Villager (Male) |
| 25:02 | Crear | Knight |
| 25:02 | Crear | Knight |
| 25:09 | Construir | Farm |
| 25:12 | Construir | Farm |
| 25:15 | Crear | Villager (Male) |
| 25:40 | Investigar | Town Watch |
Build order — xYourY
Primeras 150 de 346 acciones detectadas
| 0:01 | Crear | Villager (Male) |
| 0:01 | Crear | Villager (Male) |
| 0:01 | Crear | Villager (Male) |
| 0:02 | Construir | House |
| 0:03 | Construir | House |
| 0:13 | Crear | Villager (Male) |
| 1:06 | Crear | Villager (Male) |
| 1:06 | Crear | Villager (Male) |
| 1:47 | Construir | Lumber Camp |
| 1:58 | Crear | Villager (Male) |
| 2:05 | Crear | Villager (Male) |
| 2:32 | Crear | Villager (Male) |
| 3:03 | Crear | Villager (Male) |
| 3:10 | Construir | House |
| 3:37 | Crear | Villager (Male) |
| 3:50 | Crear | Villager (Male) |
| 4:26 | Crear | Villager (Male) |
| 4:36 | Crear | Villager (Male) |
| 5:02 | Construir | Mining Camp |
| 5:24 | Crear | Villager (Male) |
| 5:42 | Crear | Villager (Male) |
| 6:13 | Crear | Villager (Male) |
| 6:22 | Construir | House |
| 6:27 | Investigar | Loom |
| 6:56 | Construir | Barracks |
| 7:16 | Investigar | Feudal Age |
| 8:03 | Crear | Villager (Male) |
| 8:03 | Crear | Villager (Male) |
| 9:26 | Edad | Edad Feudal |
| 9:27 | Construir | Archery Range |
| 9:29 | Construir | Archery Range |
| 9:31 | Construir | Archery Range |
| 9:34 | Investigar | Double-Bit Axe |
| 10:10 | Crear | Villager (Male) |
| 10:15 | Crear | Archer |
| 10:16 | Crear | Archer |
| 10:19 | Construir | Mill |
| 10:22 | Construir | Mill |
| 10:27 | Construir | House |
| 10:29 | Crear | Villager (Male) |
| 10:36 | Crear | Villager (Male) |
| 10:47 | Construir | Blacksmith |
| 10:51 | Crear | Archer |
| 10:51 | Crear | Archer |
| 11:09 | Construir | House |
| 11:16 | Crear | Archer |
| 11:17 | Crear | Villager (Male) |
| 11:37 | Crear | Villager (Male) |
| 11:40 | Construir | House |
| 11:52 | Investigar | Wheelbarrow |
| 12:07 | Crear | Archer |
| 12:07 | Crear | Archer |
| 12:19 | Construir | House |
| 12:32 | Crear | Villager (Male) |
| 12:35 | Investigar | Horse Collar |
| 12:35 | Investigar | Horse Collar |
| 12:45 | Construir | House |
| 12:46 | Crear | Archer |
| 12:46 | Crear | Archer |
| 13:02 | Construir | Farm |
| 13:04 | Construir | Farm |
| 13:06 | Construir | Farm |
| 13:07 | Construir | Farm |
| 13:08 | Construir | Farm |
| 13:09 | Construir | Farm |
| 13:10 | Crear | Villager (Male) |
| 13:17 | Construir | House |
| 13:27 | Construir | Farm |
| 13:32 | Crear | Archer |
| 13:32 | Crear | Archer |
| 13:58 | Crear | Villager (Male) |
| 13:59 | Crear | Archer |
| 14:03 | Construir | House |
| 14:20 | Crear | Villager (Male) |
| 14:21 | Crear | Archer |
| 14:23 | Construir | Farm |
| 14:24 | Construir | Farm |
| 14:38 | Crear | Villager (Male) |
| 14:43 | Construir | Palisade Wall |
| 14:45 | Construir | Palisade Wall |
| 14:55 | Crear | Villager (Male) |
| 14:58 | Crear | Villager (Male) |
| 15:04 | Construir | Farm |
| 15:26 | Crear | Villager (Male) |
| 15:28 | Investigar | Fletching |
| 15:44 | Crear | Villager (Male) |
| 15:46 | Construir | House |
| 15:48 | Crear | Archer |
| 15:48 | Crear | Archer |
| 16:00 | Investigar | Padded Archer Armor |
| 16:03 | Crear | Villager (Male) |
| 16:05 | Construir | House |
| 16:10 | Crear | Archer |
| 16:10 | Crear | Archer |
| 16:34 | Crear | Archer |
| 16:40 | Crear | Villager (Male) |
| 16:41 | Crear | Villager (Male) |
| 16:43 | Construir | House |
| 16:45 | Investigar | Gold Mining |
| 17:12 | Crear | Villager (Male) |
| 17:13 | Crear | Archer |
| 17:13 | Crear | Archer |
| 17:15 | Construir | House |
| 17:24 | Crear | Villager (Male) |
| 17:28 | Construir | Market |
| 17:56 | Crear | Villager (Male) |
| 17:57 | Crear | Archer |
| 17:58 | Crear | Archer |
| 18:10 | Crear | Villager (Male) |
| 18:25 | Construir | Farm |
| 18:26 | Construir | Farm |
| 18:30 | Construir | House |
| 18:38 | Crear | Archer |
| 18:38 | Crear | Archer |
| 19:31 | Crear | Villager (Male) |
| 19:33 | Crear | Archer |
| 19:33 | Crear | Archer |
| 19:58 | Construir | Farm |
| 19:59 | Construir | Farm |
| 20:13 | Investigar | Castle Age |
| 20:21 | Crear | Villager (Male) |
| 20:21 | Crear | Archer |
| 20:22 | Crear | Archer |
| 21:06 | Crear | Archer |
| 21:07 | Crear | Archer |
| 21:12 | Crear | Villager (Male) |
| 21:14 | Construir | House |
| 21:14 | Construir | House |
| 21:22 | Crear | Archer |
| 21:22 | Crear | Archer |
| 21:23 | Crear | Villager (Male) |
| 22:17 | Crear | Archer |
| 22:17 | Crear | Archer |
| 22:18 | Crear | Villager (Male) |
| 22:21 | Construir | House |
| 22:29 | Construir | Farm |
| 22:30 | Construir | Farm |
| 22:30 | Construir | Farm |
| 22:32 | Construir | Farm |
| 22:34 | Construir | Farm |
| 22:35 | Construir | Farm |
| 22:47 | Crear | Archer |
| 22:47 | Crear | Archer |
| 22:53 | Edad | Edad de los Castillos |
| 22:56 | Investigar | Crossbowman (upgrade) |
| 22:57 | Investigar | Bodkin Arrow |
| 23:10 | Construir | Monastery |
| 23:16 | Construir | Lumber Camp |
| 23:21 | Construir | University |
| 24:05 | Investigar | Thumb Ring |
Build order — kumo
Primeras 150 de 338 acciones detectadas
| 0:01 | Crear | Villager (Male) |
| 0:01 | Crear | Villager (Male) |
| 0:01 | Crear | Villager (Male) |
| 0:02 | Construir | House |
| 0:04 | Construir | House |
| 0:05 | Crear | Villager (Male) |
| 1:31 | Crear | Villager (Male) |
| 1:53 | Construir | Lumber Camp |
| 1:54 | Crear | Villager (Male) |
| 2:10 | Crear | Villager (Male) |
| 2:10 | Crear | Villager (Male) |
| 2:35 | Crear | Villager (Male) |
| 2:35 | Crear | Villager (Male) |
| 3:05 | Crear | Villager (Male) |
| 3:05 | Crear | Villager (Male) |
| 3:28 | Construir | House |
| 3:31 | Construir | House |
| 3:36 | Crear | Villager (Male) |
| 3:37 | Crear | Villager (Male) |
| 3:37 | Crear | Villager (Male) |
| 4:25 | Crear | Villager (Male) |
| 4:27 | Crear | Villager (Male) |
| 4:27 | Crear | Villager (Male) |
| 4:49 | Construir | Mining Camp |
| 4:52 | Crear | Villager (Male) |
| 5:40 | Crear | Villager (Male) |
| 5:40 | Crear | Villager (Male) |
| 5:56 | Investigar | Loom |
| 7:15 | Investigar | Feudal Age |
| 8:08 | Construir | Barracks |
| 9:00 | Crear | Villager (Male) |
| 9:01 | Crear | Villager (Male) |
| 9:19 | Crear | Villager (Male) |
| 9:25 | Edad | Edad Feudal |
| 9:28 | Construir | Archery Range |
| 9:34 | Construir | Archery Range |
| 9:42 | Crear | Villager (Male) |
| 10:16 | Crear | Villager (Male) |
| 10:36 | Construir | Palisade Wall |
| 10:36 | Construir | Palisade Wall |
| 10:40 | Construir | Palisade Wall |
| 10:44 | Crear | Archer |
| 10:44 | Crear | Archer |
| 10:46 | Crear | Villager (Male) |
| 10:53 | Construir | House |
| 10:54 | Construir | House |
| 11:00 | Construir | House |
| 11:01 | Crear | Villager (Male) |
| 11:13 | Crear | Archer |
| 11:13 | Crear | Archer |
| 11:13 | Crear | Villager (Male) |
| 11:25 | Investigar | Double-Bit Axe |
| 11:26 | Investigar | Double-Bit Axe |
| 11:28 | Crear | Archer |
| 11:28 | Crear | Archer |
| 11:51 | Crear | Archer |
| 11:52 | Crear | Villager (Male) |
| 11:52 | Crear | Villager (Male) |
| 12:02 | Construir | Blacksmith |
| 12:11 | Crear | Archer |
| 12:11 | Crear | Archer |
| 12:18 | Construir | House |
| 12:41 | Crear | Archer |
| 12:47 | Crear | Archer |
| 12:47 | Crear | Archer |
| 12:48 | Crear | Villager (Male) |
| 12:48 | Crear | Villager (Male) |
| 12:53 | Construir | House |
| 12:59 | Construir | House |
| 13:00 | Construir | House |
| 13:12 | Crear | Archer |
| 13:12 | Crear | Archer |
| 13:18 | Crear | Villager (Male) |
| 13:22 | Construir | Palisade Gate |
| 13:40 | Construir | Mill |
| 13:53 | Crear | Villager (Male) |
| 14:12 | Construir | House |
| 14:25 | Construir | Farm |
| 14:25 | Construir | Farm |
| 14:25 | Construir | Farm |
| 14:26 | Construir | Farm |
| 14:26 | Construir | Farm |
| 14:26 | Construir | Farm |
| 14:31 | Construir | House |
| 14:32 | Construir | House |
| 14:39 | Crear | Archer |
| 14:40 | Crear | Archer |
| 14:56 | Crear | Villager (Male) |
| 15:00 | Construir | House |
| 15:12 | Construir | House |
| 15:38 | Investigar | Fletching |
| 15:41 | Construir | House |
| 15:58 | Construir | House |
| 16:06 | Crear | Archer |
| 16:07 | Crear | Archer |
| 16:07 | Crear | Villager (Male) |
| 16:07 | Crear | Villager (Male) |
| 16:11 | Construir | House |
| 16:12 | Construir | House |
| 16:23 | Crear | Archer |
| 16:23 | Crear | Archer |
| 16:29 | Crear | Archer |
| 16:31 | Crear | Villager (Male) |
| 16:42 | Construir | Farm |
| 16:43 | Construir | Farm |
| 16:44 | Crear | Villager (Male) |
| 17:20 | Crear | Archer |
| 17:21 | Crear | Archer |
| 17:21 | Crear | Villager (Male) |
| 17:21 | Crear | Villager (Male) |
| 17:24 | Construir | House |
| 17:26 | Construir | House |
| 17:34 | Crear | Archer |
| 17:34 | Crear | Archer |
| 17:38 | Construir | House |
| 17:39 | Construir | House |
| 17:48 | Crear | Villager (Male) |
| 17:51 | Construir | Farm |
| 17:51 | Crear | Villager (Male) |
| 17:57 | Construir | Farm |
| 18:21 | Construir | Farm |
| 18:31 | Construir | House |
| 18:49 | Crear | Archer |
| 18:49 | Crear | Archer |
| 18:50 | Crear | Villager (Male) |
| 18:56 | Construir | House |
| 18:58 | Construir | House |
| 19:00 | Crear | Villager (Male) |
| 19:19 | Construir | Farm |
| 19:20 | Crear | Villager (Male) |
| 19:47 | Crear | Villager (Male) |
| 19:52 | Construir | House |
| 19:53 | Construir | Palisade Wall |
| 20:06 | Crear | Archer |
| 20:07 | Crear | Archer |
| 20:08 | Crear | Villager (Male) |
| 20:16 | Construir | Palisade Wall |
| 20:17 | Construir | Palisade Wall |
| 20:20 | Construir | House |
| 20:23 | Construir | House |
| 20:25 | Crear | Villager (Male) |
| 20:28 | Crear | Villager (Male) |
| 20:37 | Construir | House |
| 20:43 | Construir | House |
| 20:45 | Crear | Villager (Male) |
| 20:59 | Crear | Archer |
| 21:11 | Crear | Villager (Male) |
| 21:16 | Construir | Farm |
| 21:16 | Construir | Farm |
| 21:16 | Construir | Farm |
Build order — wakuku
Primeras 150 de 339 acciones detectadas
| 0:01 | Crear | Villager (Male) |
| 0:01 | Crear | Villager (Male) |
| 0:01 | Crear | Villager (Male) |
| 0:01 | Crear | Villager (Male) |
| 0:03 | Construir | House |
| 1:12 | Crear | Villager (Male) |
| 1:12 | Crear | Villager (Male) |
| 1:50 | Crear | Villager (Male) |
| 2:04 | Crear | Villager (Male) |
| 2:40 | Crear | Villager (Male) |
| 2:52 | Construir | Settlement |
| 3:17 | Crear | Villager (Male) |
| 3:18 | Crear | Villager (Male) |
| 3:18 | Crear | Villager (Male) |
| 3:59 | Crear | Villager (Male) |
| 3:59 | Crear | Villager (Male) |
| 3:59 | Crear | Villager (Male) |
| 4:03 | Crear | Villager (Male) |
| 4:27 | Crear | Villager (Male) |
| 5:41 | Crear | Villager (Male) |
| 5:45 | Crear | Villager (Male) |
| 5:46 | Crear | Villager (Male) |
| 6:01 | Construir | Settlement |
| 7:05 | Investigar | Feudal Age |
| 7:38 | Construir | Barracks |
| 8:22 | Crear | Unit 2550 |
| 8:23 | Crear | Unit 2550 |
| 9:16 | Edad | Edad Feudal |
| 9:19 | Investigar | Tech 1402 |
| 9:20 | Crear | Villager (Male) |
| 9:20 | Crear | Villager (Male) |
| 9:25 | Construir | Barracks |
| 9:30 | Crear | Unit 2550 |
| 9:46 | Investigar | Double-Bit Axe |
| 9:49 | Crear | Villager (Male) |
| 9:57 | Crear | Unit 2550 |
| 10:10 | Crear | Unit 2550 |
| 10:14 | Crear | Unit 2550 |
| 10:21 | Crear | Villager (Male) |
| 10:53 | Crear | Unit 2550 |
| 11:01 | Crear | Unit 2550 |
| 11:07 | Construir | Farm |
| 11:08 | Construir | Farm |
| 11:09 | Construir | Farm |
| 11:11 | Crear | Villager (Male) |
| 11:11 | Crear | Villager (Male) |
| 11:28 | Construir | Farm |
| 11:50 | Crear | Unit 2550 |
| 11:51 | Crear | Unit 2550 |
| 11:57 | Construir | Settlement |
| 12:04 | Construir | Farm |
| 12:05 | Crear | Unit 2550 |
| 12:34 | Crear | Unit 2550 |
| 12:34 | Crear | Unit 2550 |
| 12:57 | Crear | Villager (Male) |
| 12:57 | Crear | Villager (Male) |
| 12:57 | Crear | Villager (Male) |
| 13:17 | Crear | Unit 2550 |
| 13:33 | Construir | Farm |
| 13:34 | Construir | Farm |
| 13:35 | Construir | Farm |
| 13:36 | Crear | Unit 2550 |
| 13:49 | Crear | Unit 2550 |
| 14:05 | Construir | Farm |
| 14:07 | Construir | House |
| 14:07 | Construir | House |
| 14:08 | Construir | House |
| 14:13 | Crear | Unit 2550 |
| 14:20 | Crear | Unit 2550 |
| 14:27 | Construir | Farm |
| 14:28 | Construir | Farm |
| 14:29 | Crear | Unit 2550 |
| 14:49 | Crear | Unit 2550 |
| 14:53 | Construir | Farm |
| 14:54 | Construir | Farm |
| 14:55 | Construir | Farm |
| 14:56 | Crear | Villager (Male) |
| 15:09 | Crear | Unit 2550 |
| 15:15 | Crear | Villager (Male) |
| 15:29 | Crear | Villager (Male) |
| 15:30 | Construir | Farm |
| 15:44 | Crear | Villager (Male) |
| 15:48 | Crear | Unit 2550 |
| 15:52 | Crear | Unit 2550 |
| 16:09 | Crear | Unit 2550 |
| 16:15 | Crear | Villager (Male) |
| 16:16 | Construir | Blacksmith |
| 16:28 | Crear | Unit 2550 |
| 16:37 | Crear | Unit 2550 |
| 16:38 | Crear | Unit 2550 |
| 16:49 | Crear | Unit 2550 |
| 16:50 | Crear | Villager (Male) |
| 16:51 | Construir | Farm |
| 17:11 | Crear | Villager (Male) |
| 17:11 | Crear | Villager (Male) |
| 17:13 | Crear | Unit 2550 |
| 17:31 | Crear | Villager (Male) |
| 17:39 | Crear | Unit 2550 |
| 17:44 | Crear | Villager (Male) |
| 17:47 | Construir | Farm |
| 17:48 | Construir | Farm |
| 17:53 | Investigar | Horse Collar |
| 18:07 | Crear | Unit 2550 |
| 18:15 | Crear | Unit 2550 |
| 18:20 | Crear | Villager (Male) |
| 18:20 | Crear | Villager (Male) |
| 18:31 | Construir | Farm |
| 18:31 | Construir | Farm |
| 18:53 | Crear | Unit 2550 |
| 19:04 | Crear | Villager (Male) |
| 19:12 | Construir | Farm |
| 19:13 | Construir | Farm |
| 19:16 | Crear | Unit 2550 |
| 19:28 | Crear | Unit 2550 |
| 19:28 | Crear | Unit 2550 |
| 19:50 | Crear | Villager (Male) |
| 20:02 | Crear | Unit 2550 |
| 20:05 | Construir | House |
| 20:08 | Crear | Unit 2550 |
| 20:15 | Crear | Spearman |
| 20:15 | Crear | Spearman |
| 20:15 | Crear | Spearman |
| 20:29 | Crear | Spearman |
| 20:33 | Construir | Farm |
| 20:58 | Construir | Farm |
| 21:07 | Crear | Villager (Male) |
| 21:11 | Crear | Unit 2550 |
| 21:12 | Crear | Unit 2550 |
| 21:12 | Crear | Unit 2550 |
| 21:33 | Crear | Villager (Male) |
| 21:33 | Crear | Villager (Male) |
| 21:34 | Crear | Villager (Male) |
| 21:49 | Crear | Spearman |
| 22:05 | Construir | Market |
| 22:23 | Crear | Villager (Male) |
| 22:52 | Crear | Villager (Male) |
| 23:00 | Investigar | Castle Age |
| 23:01 | Investigar | Castle Age |
| 23:09 | Construir | Barracks |
| 23:12 | Investigar | Scale Mail Armor |
| 23:12 | Investigar | Forging |
| 23:36 | Crear | Unit 2550 |
| 23:36 | Crear | Unit 2550 |
| 23:36 | Crear | Unit 2550 |
| 23:37 | Crear | Unit 2550 |
| 23:37 | Crear | Unit 2550 |
| 23:37 | Crear | Unit 2550 |
| 23:48 | Investigar | Gold Mining |
| 23:58 | Investigar | Arson |
| 24:05 | Crear | Unit 2550 |
Build order —
78 acciones detectadas en el replay
| 0:00 | Construir | House |
| 0:03 | Construir | House |
| 1:42 | Construir | Lumber Camp |
| 3:23 | Construir | Mill |
| 3:46 | Construir | House |
| 4:42 | Construir | Lumber Camp |
| 5:50 | Construir | Mill |
| 5:51 | Investigar | Tech None |
| 6:18 | Construir | House |
| 6:41 | Investigar | Tech None |
| 7:41 | Construir | Barracks |
| 8:01 | Construir | Mining Camp |
| 8:42 | Crear | Militia |
| 9:01 | Crear | Militia |
| 9:16 | Construir | Archery Range |
| 9:17 | Investigar | Tech None |
| 9:19 | Investigar | Tech None |
| 9:46 | Construir | House |
| 9:49 | Investigar | Tech None |
| 10:09 | Construir | Farm |
| 10:18 | Construir | Farm |
| 10:25 | Construir | House |
| 10:31 | Crear | Skirmisher |
| 10:46 | Construir | Farm |
| 11:05 | Construir | Farm |
| 11:36 | Construir | Farm |
| 11:41 | Construir | House |
| 12:15 | Construir | Blacksmith |
| 12:23 | Construir | Farm |
| 12:50 | Crear | Skirmisher |
| 13:09 | Investigar | Tech None |
| 13:46 | Construir | Lumber Camp |
| 13:53 | Crear | Skirmisher |
| 14:06 | Construir | House |
| 14:19 | Construir | Farm |
| 14:36 | Crear | Skirmisher |
| 15:02 | Construir | Farm |
| 15:30 | Construir | Farm |
| 15:51 | Construir | Farm |
| 15:56 | Crear | Skirmisher |
| 16:19 | Crear | Skirmisher |
| 17:02 | Investigar | Tech None |
| 17:02 | Construir | Lumber Camp |
| 18:00 | Crear | Skirmisher |
| 18:15 | Construir | Archery Range |
| 18:33 | Construir | Farm |
| 18:58 | Construir | Lumber Camp |
| 19:08 | Crear | Skirmisher |
| 20:45 | Crear | Skirmisher |
| 20:58 | Crear | Skirmisher |
| 22:18 | Construir | Market |
| 22:57 | Construir | Farm |
| 23:04 | Construir | Farm |
| 23:16 | Investigar | Tech None |
| 23:18 | Construir | Farm |
| 23:20 | Construir | Farm |
| 23:44 | Investigar | Tech None |
| 24:06 | Construir | Lumber Camp |
| 24:20 | Construir | Archery Range |
| 24:21 | Construir | Archery Range |
| 24:27 | Crear | Spearman |
| 25:02 | Crear | Archer |
| 25:02 | Crear | Skirmisher |
| 25:02 | Construir | Stable |
| 25:04 | Crear | Skirmisher |
| 25:27 | Crear | Skirmisher |
| 27:29 | Construir | Siege Workshop |
| 27:32 | Crear | Skirmisher |
| 27:51 | Crear | Skirmisher |
| 29:24 | Investigar | Tech None |
| 29:24 | Construir | Town Center |
| 29:45 | Construir | Town Center |
| 31:34 | Construir | Siege Workshop |
| 32:09 | Construir | Farm |
| 32:30 | Construir | Farm |
| 32:50 | Construir | Farm |
| 33:45 | Construir | Farm |
| 34:24 | Construir | Farm |
Build order —
62 acciones detectadas en el replay
| 0:00 | Construir | House |
| 0:03 | Construir | House |
| 1:42 | Construir | Settlement |
| 2:32 | Construir | Settlement |
| 4:00 | Construir | Settlement |
| 5:17 | Construir | Settlement |
| 5:51 | Investigar | Tech None |
| 6:16 | Construir | Farm |
| 6:41 | Investigar | Tech None |
| 7:49 | Construir | Barracks |
| 9:16 | Investigar | Tech None |
| 9:16 | Construir | Archery Range |
| 9:17 | Construir | Farm |
| 9:18 | Investigar | Tech None |
| 9:51 | Construir | Archery Range |
| 9:59 | Crear | Archer |
| 10:31 | Crear | Archer |
| 10:57 | Crear | Skirmisher |
| 11:20 | Construir | House |
| 11:21 | Construir | House |
| 11:34 | Construir | Blacksmith |
| 11:52 | Construir | Farm |
| 12:11 | Investigar | Tech None |
| 12:13 | Construir | Farm |
| 12:36 | Construir | Farm |
| 12:39 | Crear | Archer |
| 12:59 | Crear | Spearman |
| 13:24 | Crear | Archer |
| 13:29 | Construir | House |
| 13:48 | Construir | House |
| 13:53 | Construir | House |
| 13:59 | Crear | Archer |
| 14:24 | Crear | Spearman |
| 14:50 | Crear | Spearman |
| 14:53 | Crear | Archer |
| 15:15 | Construir | Settlement |
| 15:31 | Crear | Spearman |
| 15:31 | Construir | Farm |
| 15:32 | Construir | Farm |
| 15:57 | Construir | Farm |
| 15:58 | Crear | Archer |
| 16:41 | Construir | Farm |
| 17:51 | Investigar | Tech None |
| 17:51 | Crear | Archer |
| 17:54 | Crear | Skirmisher |
| 18:02 | Crear | Spearman |
| 19:30 | Crear | Archer |
| 19:30 | Crear | Spearman |
| 19:38 | Crear | Archer |
| 19:38 | Crear | Spearman |
| 20:02 | Crear | Archer |
| 20:02 | Crear | Spearman |
| 20:46 | Crear | Archer |
| 20:46 | Crear | Spearman |
| 20:56 | Crear | Archer |
| 20:56 | Crear | Spearman |
| 25:46 | Crear | Skirmisher |
| 25:48 | Crear | Spearman |
| 25:48 | Crear | Skirmisher |
| 28:05 | Construir | Town Center |
| 30:38 | Crear | Spearman |
| 30:38 | Crear | Skirmisher |
Build order —
Primeras 150 de 205 acciones detectadas
| 0:00 | Construir | House |
| 0:03 | Construir | House |
| 1:42 | Construir | Lumber Camp |
| 3:02 | Construir | Mill |
| 3:46 | Construir | House |
| 4:27 | Construir | Lumber Camp |
| 5:09 | Construir | Mill |
| 5:51 | Investigar | Tech None |
| 5:51 | Construir | House |
| 7:03 | Construir | Mining Camp |
| 7:26 | Construir | Farm |
| 7:59 | Construir | Farm |
| 8:22 | Construir | House |
| 8:49 | Construir | Farm |
| 9:20 | Construir | Farm |
| 9:34 | Investigar | Tech None |
| 10:18 | Construir | Barracks |
| 11:46 | Construir | Stable |
| 11:47 | Investigar | Tech None |
| 11:48 | Investigar | Tech None |
| 12:00 | Investigar | Tech None |
| 12:32 | Construir | House |
| 12:49 | Construir | Blacksmith |
| 12:57 | Construir | Farm |
| 13:18 | Construir | Farm |
| 13:25 | Construir | Farm |
| 13:27 | Investigar | Tech None |
| 13:34 | Investigar | Tech None |
| 13:40 | Construir | House |
| 13:49 | Construir | Farm |
| 14:04 | Construir | Farm |
| 14:14 | Construir | Farm |
| 14:28 | Construir | Farm |
| 14:37 | Construir | Farm |
| 16:08 | Investigar | Tech None |
| 16:08 | Crear | Knight |
| 16:08 | Construir | Farm |
| 16:08 | Investigar | Tech None |
| 16:08 | Construir | Town Center |
| 16:17 | Construir | Farm |
| 16:33 | Crear | Knight |
| 16:58 | Crear | Knight |
| 17:34 | Construir | Town Center |
| 17:39 | Construir | House |
| 17:41 | Construir | House |
| 18:02 | Construir | Lumber Camp |
| 18:12 | Construir | House |
| 18:30 | Investigar | Tech None |
| 18:37 | Construir | Farm |
| 18:47 | Construir | Farm |
| 19:01 | Construir | Farm |
| 19:05 | Construir | Farm |
| 19:26 | Construir | Farm |
| 19:30 | Construir | Farm |
| 19:34 | Construir | Farm |
| 19:44 | Construir | Farm |
| 19:55 | Construir | Farm |
| 20:02 | Construir | Farm |
| 20:17 | Construir | Farm |
| 20:30 | Construir | House |
| 20:33 | Construir | Farm |
| 20:49 | Construir | House |
| 20:52 | Construir | Farm |
| 21:05 | Construir | Farm |
| 21:07 | Construir | Siege Workshop |
| 21:11 | Construir | Farm |
| 21:18 | Construir | Farm |
| 21:18 | Construir | House |
| 21:43 | Construir | Farm |
| 21:47 | Investigar | Tech None |
| 21:48 | Construir | Farm |
| 22:05 | Construir | Lumber Camp |
| 22:07 | Construir | Farm |
| 22:28 | Construir | Stable |
| 22:31 | Construir | Farm |
| 22:35 | Construir | Farm |
| 22:43 | Construir | Mining Camp |
| 22:57 | Construir | Farm |
| 23:12 | Construir | Farm |
| 23:12 | Construir | House |
| 23:13 | Construir | House |
| 23:25 | Construir | Monastery |
| 23:35 | Construir | Farm |
| 23:47 | Construir | Farm |
| 23:48 | Construir | House |
| 23:57 | Construir | Farm |
| 24:04 | Construir | Mining Camp |
| 24:11 | Crear | Monk |
| 24:12 | Construir | House |
| 24:16 | Construir | Market |
| 24:27 | Construir | Farm |
| 24:37 | Investigar | Tech None |
| 24:46 | Investigar | Tech None |
| 24:46 | Crear | Mangonel |
| 24:53 | Construir | Mining Camp |
| 25:01 | Crear | Scout Cavalry |
| 25:02 | Investigar | Tech None |
| 25:28 | Construir | Market |
| 25:45 | Investigar | Tech None |
| 25:45 | Construir | Town Center |
| 26:02 | Crear | Scout Cavalry |
| 26:26 | Crear | Mangonel |
| 26:26 | Construir | Town Center |
| 26:50 | Construir | Town Center |
| 26:51 | Construir | House |
| 26:52 | Construir | Lumber Camp |
| 26:55 | Construir | House |
| 27:11 | Construir | Archery Range |
| 27:16 | Construir | House |
| 27:26 | Crear | Mangonel |
| 27:26 | Construir | House |
| 27:28 | Construir | Castle |
| 27:29 | Construir | House |
| 27:38 | Construir | Market |
| 27:48 | Construir | House |
| 27:49 | Construir | Archery Range |
| 27:51 | Construir | House |
| 28:03 | Construir | House |
| 28:13 | Construir | Archery Range |
| 28:17 | Crear | Scout Cavalry |
| 28:18 | Construir | House |
| 28:24 | Crear | Scout Cavalry |
| 28:30 | Investigar | Tech None |
| 28:33 | Investigar | Tech None |
| 28:34 | Construir | Market |
| 28:39 | Construir | Archery Range |
| 28:50 | Investigar | Tech None |
| 28:54 | Construir | Market |
| 28:54 | Construir | Castle |
| 28:58 | Construir | University |
| 29:09 | Construir | Farm |
| 29:16 | Construir | Barracks |
| 29:24 | Construir | Barracks |
| 29:35 | Construir | Farm |
| 29:35 | Construir | Barracks |
| 29:41 | Construir | Barracks |
| 29:41 | Construir | Market |
| 29:50 | Investigar | Tech None |
| 29:57 | Construir | Barracks |
| 30:07 | Construir | Barracks |
| 30:17 | Construir | Lumber Camp |
| 30:21 | Construir | Siege Workshop |
| 30:27 | Construir | Lumber Camp |
| 30:36 | Investigar | Tech None |
| 30:38 | Construir | Market |
| 30:40 | Crear | Scout Cavalry |
| 30:42 | Investigar | Tech None |
| 30:44 | Construir | Farm |
| 30:51 | Crear | Genoese Crossbowman |
| 30:55 | Construir | Farm |
Build order —
Primeras 150 de 288 acciones detectadas
| 0:00 | Construir | House |
| 0:03 | Construir | House |
| 1:42 | Construir | Lumber Camp |
| 3:06 | Construir | Mill |
| 3:46 | Construir | House |
| 4:22 | Construir | Lumber Camp |
| 5:27 | Construir | Mill |
| 5:51 | Investigar | Tech None |
| 5:51 | Construir | House |
| 6:40 | Construir | Farm |
| 7:28 | Construir | Mining Camp |
| 8:03 | Construir | Farm |
| 8:21 | Construir | House |
| 8:43 | Construir | Farm |
| 9:10 | Construir | Farm |
| 9:40 | Construir | Farm |
| 9:58 | Construir | Farm |
| 9:59 | Investigar | Tech None |
| 10:06 | Construir | House |
| 10:47 | Construir | Barracks |
| 11:44 | Construir | Stable |
| 12:22 | Construir | Blacksmith |
| 12:43 | Investigar | Tech None |
| 12:53 | Construir | House |
| 12:59 | Investigar | Tech None |
| 13:13 | Investigar | Tech None |
| 13:34 | Construir | Farm |
| 13:39 | Construir | Farm |
| 13:49 | Construir | Farm |
| 14:03 | Construir | Farm |
| 14:11 | Construir | Farm |
| 14:14 | Investigar | Tech None |
| 14:39 | Crear | Knight |
| 14:53 | Construir | Town Center |
| 15:11 | Construir | House |
| 15:26 | Investigar | Tech None |
| 15:27 | Construir | Farm |
| 15:35 | Construir | Farm |
| 15:48 | Construir | Farm |
| 15:48 | Crear | Battle Elephant |
| 16:32 | Investigar | Tech None |
| 16:32 | Construir | Town Center |
| 16:56 | Construir | Town Center |
| 16:58 | Construir | House |
| 16:59 | Construir | House |
| 17:02 | Construir | Farm |
| 17:24 | Construir | Farm |
| 17:27 | Construir | Farm |
| 17:33 | Construir | Farm |
| 17:52 | Investigar | Tech None |
| 17:56 | Construir | Farm |
| 18:06 | Construir | Farm |
| 18:25 | Investigar | Tech None |
| 18:35 | Construir | Farm |
| 18:44 | Construir | Farm |
| 18:52 | Construir | Farm |
| 19:00 | Construir | Farm |
| 19:13 | Construir | Farm |
| 19:13 | Construir | House |
| 19:14 | Construir | House |
| 19:18 | Construir | Farm |
| 19:37 | Construir | Farm |
| 19:45 | Construir | Monastery |
| 19:45 | Construir | Monastery |
| 19:50 | Construir | Lumber Camp |
| 19:58 | Construir | Farm |
| 20:13 | Construir | Farm |
| 20:15 | Construir | Farm |
| 20:21 | Construir | Farm |
| 20:23 | Crear | Monk |
| 20:27 | Crear | Battle Elephant |
| 20:40 | Construir | House |
| 20:41 | Construir | House |
| 20:47 | Construir | Stable |
| 20:51 | Crear | Battle Elephant |
| 20:57 | Construir | Farm |
| 21:00 | Construir | Farm |
| 21:07 | Construir | House |
| 21:09 | Investigar | Tech None |
| 21:17 | Construir | Farm |
| 21:17 | Construir | House |
| 21:30 | Construir | Farm |
| 21:42 | Construir | Farm |
| 21:43 | Construir | House |
| 22:02 | Construir | Farm |
| 22:05 | Crear | Battle Elephant |
| 22:11 | Construir | Mining Camp |
| 22:19 | Investigar | Tech None |
| 22:20 | Investigar | Tech None |
| 22:38 | Construir | Market |
| 22:39 | Construir | Market |
| 22:40 | Construir | Market |
| 22:42 | Construir | Market |
| 22:43 | Construir | Market |
| 22:44 | Construir | Market |
| 22:46 | Construir | Market |
| 22:47 | Crear | Battle Elephant |
| 22:47 | Construir | Market |
| 22:49 | Construir | Market |
| 22:50 | Investigar | Tech None |
| 22:50 | Construir | Market |
| 22:52 | Construir | Market |
| 22:53 | Construir | Market |
| 22:54 | Construir | Market |
| 22:57 | Construir | Siege Workshop |
| 22:58 | Construir | Siege Workshop |
| 23:04 | Construir | House |
| 23:09 | Construir | House |
| 23:12 | Crear | Battle Elephant |
| 23:23 | Construir | Farm |
| 23:35 | Construir | Mining Camp |
| 23:36 | Crear | Battle Elephant |
| 23:47 | Investigar | Tech None |
| 23:47 | Construir | Market |
| 23:48 | Construir | Market |
| 23:49 | Construir | Market |
| 23:50 | Construir | Lumber Camp |
| 23:52 | Construir | Market |
| 23:53 | Construir | Market |
| 23:54 | Construir | Market |
| 23:55 | Construir | Market |
| 23:56 | Construir | Market |
| 23:57 | Crear | Battle Elephant |
| 23:57 | Construir | Market |
| 23:58 | Construir | Market |
| 24:00 | Construir | Market |
| 24:01 | Construir | Market |
| 24:02 | Construir | Market |
| 24:03 | Construir | Market |
| 24:04 | Construir | House |
| 24:05 | Construir | House |
| 24:06 | Construir | Market |
| 24:08 | Construir | Market |
| 24:09 | Construir | Market |
| 24:10 | Construir | Market |
| 24:11 | Construir | Market |
| 24:12 | Construir | Market |
| 24:14 | Construir | Farm |
| 24:14 | Construir | Market |
| 24:15 | Construir | Market |
| 24:16 | Construir | Market |
| 24:17 | Construir | Market |
| 24:18 | Construir | Market |
| 24:19 | Construir | Market |
| 24:20 | Construir | Market |
| 24:21 | Construir | Market |
| 24:22 | Crear | Battle Elephant |
| 24:22 | Construir | Market |
| 24:23 | Construir | Market |
| 24:25 | Construir | Market |
Cronología de la partida
| 6:56 | xYourY · first_building Barracks |
| 7:19 | Residual · first_building Barracks |
| 7:38 | wakuku · first_building Barracks |
| 7:41 | · first_building Barracks |
| 7:49 | · first_building Barracks |
| 8:08 | kumo · first_building Barracks |
| 8:50 | Residual · age_up feudal |
| 8:54 | Residual · first_building Stable |
| 9:16 | wakuku · age_up feudal |
| 9:16 | · first_building Archery Range |
| 9:16 | · first_building Archery Range |
| 9:25 | kumo · age_up feudal |
| 9:26 | xYourY · age_up feudal |
| 9:27 | xYourY · first_building Archery Range |
| 9:28 | kumo · first_building Archery Range |
| 10:18 | · first_building Barracks |
| 10:36 | kumo · wall_segment Palisade Wall x1 |
| 10:36 | kumo · wall_segment Palisade Wall x1 |
| 10:40 | kumo · wall_segment Palisade Wall x1 |
| 10:47 | · first_building Barracks |
| 11:44 | · first_building Stable |
| 11:46 | · first_building Stable |
| 14:43 | xYourY · wall_segment Palisade Wall x6 |
| 14:45 | xYourY · wall_segment Palisade Wall x1 |
| 19:34 | Residual · age_up castle |
| 19:45 | · first_building Monastery |
| 19:53 | kumo · wall_segment Palisade Wall x2 |
| 20:12 | xYourY · first_market_buy 100 food |
| 20:13 | xYourY · first_market_sell 100 wood |
| 20:16 | kumo · wall_segment Palisade Wall x1 |
| 20:17 | kumo · wall_segment Palisade Wall x1 |
| 21:07 | · first_building Siege Workshop |
| 22:53 | xYourY · age_up castle |
| 22:57 | · first_building Siege Workshop |
| 23:02 | kumo · wall_segment Palisade Wall x1 |
| 23:10 | xYourY · first_building Monastery |
| 23:25 | · first_building Monastery |
| 23:29 | · first_market_sell 100 wood |
| 24:07 | kumo · wall_segment Palisade Wall x7 |
| 25:02 | kumo · age_up castle |
| 25:02 | · first_building Stable |
| 25:12 | · first_market_sell 100 food |
| 25:57 | wakuku · age_up castle |
| 26:54 | · first_market_sell 100 food |
| 27:11 | · first_building Archery Range |
| 27:28 | · first_building Castle |
| 27:29 | · first_building Siege Workshop |
| 29:41 | · first_building Archery Range |
| 30:42 | · first_building Castle |
| 32:31 | Residual · first_market_sell 500 wood |
| 32:50 | kumo · first_building Monastery |
| 33:18 | · first_market_buy 100 stone |
| 34:51 | Residual · first_market_buy 100 stone |
| 35:13 | Residual · first_building Monastery |
| 36:13 | xYourY · age_up imperial |
| 36:29 | kumo · age_up imperial |
| 36:32 | kumo · first_building Castle |
| 36:56 | · resign |
| 37:37 | wakuku · first_building Monastery |
| 37:56 | · first_market_buy 100 food |
| 39:10 | kumo · first_building Siege Workshop |
| 39:25 | Residual · age_up imperial |
| 39:33 | kumo · first_market_sell 500 food |
| 39:35 | kumo · first_market_buy 500 wood |
[ ANÁLISIS IA · 1 CRÉDITO ]
¿Qué pasó realmente en esta partida?
Wolo.gg analiza cada decisión: build order, eco, micro, errores típicos por bracket. Análisis personalizado por WhatsApp o Discord en 30 segundos.
Guía civ
Mongoles
Perfil
Residual